 Dungeon Crawl Stone Soup version 0.26-a0-660-gc07710193c (webtiles) character file.

Game seed: 11566359985854475270

290749 lunkers the Acrobat (level 21, -11/151 HPs)
             Began as a Kobold Delver on Oct 6, 2020.
             Was the Champion of Trog.
             Mangled by a stone giant (36 damage)
             ... on level 4 of the Vaults.
             The game lasted 01:23:45 (50268 turns).

lunkers the Acrobat (Kobold Delver)                Turns: 50268, Time: 01:23:46

Health: -11/151    AC: 13    Str: 14    XL:     21   Next: 64%
Magic:  12/12      EV: 33    Int: 14    God:    Trog [******]
Gold:   3397       SH: 12    Dex: 23    Spells: 20/20 levels left

rFire    . . .     SeeInvis .   a - +8 arc blade {discharge, rElec}
rCold    + . .     Faith    .   F - +0 buckler
rNeg     + + +     Spirit   .   P - +0 ring mail "Pateekh" {rN+++ MP-9 Slay+6}
rPois    .         Reflect  +   e - +0 helmet "Bodainob" {MR+ Str+4}
rElec    +         Harm     .   k - scarf {shadows}
rCorr    .         Rampage  .   q - +1 pair of gloves
MR       ++...                  i - +0 pair of boots
Stlth    +++++++...             V - amulet of reflection
HPRegen  0.35/turn              X - +4 ring of protection
MPRegen  0.13/turn              r - ring of protection from cold

@: no status effects
A: small, nightstalker 3
}: 2/15 runes: decaying, serpentine
a: Berserk, Trog's Hand, Brothers in Arms, Renounce Religion


You were on level 4 of the Vaults.
You worshipped Trog.
Trog was exalted by your worship.
You visited 6 branches of the dungeon, and saw 34 of its levels.
You also visited: Gauntlet and Ice Cave.

You collected 3895 gold pieces.
You spent 498 gold pieces at shops.

Inventory:

Hand Weapons
 a - the +8 arc blade (weapon) {discharge, rElec}
   (You found it in a Gauntlet)

   It insulates you from electricity.
Missiles
 u - 11 datura-tipped darts {=f}
 y - 11 curare-tipped darts {=f}
 D - 7 throwing nets {=f}
 G - 14 atropa-tipped darts {=f}
Armour
 e - the +0 helmet "Bodainob" (worn) {MR+ Str+4}
   (You bought it in a shop on level 2 of the Orcish Mines)

   It affects your strength (+4).
   It affects your resistance to hostile enchantments.
 i - a +0 pair of boots (worn)
 k - a scarf of shadows (worn)
 q - a +1 pair of gloves (worn)
 F - a +0 buckler (worn)
 P - the +0 ring mail "Pateekh" (worn) {rN+++ MP-9 Slay+6}
   (You found it on level 8 of the Dungeon)

   It affects your accuracy and damage with ranged weapons and melee attacks
   (+6).
   It renders you almost immune to negative energy.
   It affects your magic capacity (-9).
Jewellery
 r - a ring of protection from cold (right hand)
 V - an amulet of reflection (around neck)
 X - a +4 ring of protection (left hand)
Wands
 g - a wand of digging (13)
 l - a wand of paralysis (57)
 p - a wand of random effects (55)
 s - a wand of iceblast (30)
 A - a wand of flame (158)
 B - a wand of polymorph (24)
 E - a wand of enslavement (40)
 K - a wand of disintegration (61)
 M - a wand of acid (27)
Scrolls
 c - 3 scrolls of fog
 d - 6 scrolls of magic mapping
 m - 15 scrolls of teleportation
 n - 4 scrolls of enchant weapon
 t - 16 scrolls of remove curse
 C - 7 scrolls of blinking
 H - 6 scrolls of enchant armour
 I - 2 scrolls of brand weapon
 R - a scroll of fear
 S - 21 scrolls of identify
 T - 2 scrolls of silence
 Y - a scroll of summoning
Potions
 f - 2 potions of haste
 h - 15 potions of heal wounds
 j - 6 potions of curing
 v - 4 potions of mutation
 w - 2 potions of ambrosia
 x - 8 potions of invisibility
 z - 8 potions of flight
 J - 5 potions of cancellation
 L - 4 potions of magic
 N - 2 potions of berserk rage
 O - 4 potions of stabbing
 Q - 2 potions of might
 U - 3 potions of resistance
Miscellaneous
 b - a tin of tremorstones (3/3)
 o - a box of beasts (3/3)
 W - a condenser vane (2/2)
 Z - a lightning rod (4/4)


   Skills:
 * Level 22.3 Fighting
 - Level 14.0 Short Blades
 - Level 6.0 Throwing
 * Level 22.5 Dodging
 + Level 15.8 Stealth
 - Level 5.6 Shields
 + Level 14.8 Evocations


You had 20 spell levels left.
You didn't know any spells.
Your spell library was empty.

Dungeon Overview and Level Annotations

Branches:
Dungeon (14/15)            Temple (0/1) D:6            Lair (6/6) D:11
  Swamp (4/4) Lair:3        Snake (4/4) Lair:3        Slime (0/5) Lair:5
    Orc (2/2) D:10            Elf (0/3) Orc:2        Vaults (4/5) D:14
  Crypt (0/3) Vaults:2      IceCv (visited)         Gauntlet (visited)

Altars:
Ashenzari
Cheibriados
Fedhas
Hepliaklqana
Okawaru
Qazlal
Ru
Sif Muna
Trog
Uskayaw
Vehumet
Wu Jian
Xom
Yredelemnul
The Shining One
Beogh
Jiyva

Shops:
D:7 [   D:12 ?   Orc:2 ([:**   Snake:4 ?   Vaults:3 =

Annotations:
D:12 3 runed translucent doors, exclusion: orange crystal statue
Lair:5 exclusion: 2 oklob plants
Swamp:2 2 transporters, reriks's ghost, journeyman DEIE


Innate Abilities, Weirdness & Mutations

You are small and have problems with some larger weapons.
You are completely attuned to the shadows.


Message History

The stone giant is struck by an arc of lightning.
The stone giant is heavily wounded.
The lightning grounds out.
The stone giant is heavily wounded.
The stone giant hits you!!
* * * LOW HITPOINT WARNING * * *
You hit the stone giant but do no damage.
The stone giant is heavily wounded.
Your ring mail "Pateekh" prevents you from hitting the stone giant.
The stone giant is heavily wounded.
The stone giant closely misses you.
You hit the stone giant.
The arc blade crackles.
The stone giant is struck by an arc of lightning!
The stone giant is severely wounded.
The lightning grounds out.
The stone giant is severely wounded.
You hit the stone giant.
The stone giant is severely wounded.
The stone giant hits you!!!
You die...

######## #######
#......#
##.....###......#
##).###..##......#
+.)#####..'...<..#
+)C))..##.#......+
#.#@... #.#......#
C.##... ..########
###


You could see a stone giant.

Vanquished Creatures
  Mara (Snake:4)
  Vashnia (Snake:2)
  A tentacled monstrosity (Swamp:3)
  Gastronok (Lair:1)
  6 nagarajas
  Roxanne (Swamp:1)
  6 vault wardens
  An emperor scorpion (shapeshifter) (Vaults:1)
  4 stone giants
  Aizul (Snake:4)
  A reaper (IceCv)
  8 ironheart preservers
  A minotaur (Gauntlet)
  4 ettins
  A deep elf death mage (Vaults:1)
  Snorg (D:11)
  Erolcha (Orc:1)
  5 fire dragons
  9 ogre magi
  7 yaktaur captains
  2 great orbs of eyes
  Harold (Orc:1)
  25 hydras
  A rakshasa (Vaults:2)
  6 vault guards
  16 naga warriors
  3 ghost crabs
  3 death knights (Vaults:2)
  A shambling mangrove (Swamp:3)
  2 centaur warriors
  17 anacondas
  21 two-headed ogres
  5 boulder beetles
  A dancing weapon (Vaults:1)
  A deep troll shaman (Vaults:3)
  10 alligators
  Urug (D:11)
  16 naga sharpshooters
  A deep troll earth mage (Vaults:1)
  6 shock serpents
  8 spriggans
  A deep elf knight (Vaults:1)
  2 fire crabs (Swamp:4)
  2 fire crabs (shapeshifter)
  6 salamander mystics (Snake:4)
  A spriggan druid (Swamp:3)
  2 unseen horrors (D:12)
  2 glowing orange brains
  12 deep trolls
  9 ironbrand convokers
  7 wizards
  5 naga ritualists
  2 flayed ghosts
  8 swamp dragons
  3 deep elf archers
  Pikel (D:6)
  A necromancer (Vaults:1)
  A wolf spider (Vaults:3)
  5 lindwurms
  9 orc knights
  9 deep elf magi
  16 cyclopes
  12 mana vipers
  An orc sorcerer (Orc:1)
  2 manticores
  19 ugly things
  13 guardian serpents
  9 elephants (Lair:3)
  11 salamanders
  31 black mambas
  A frost giant skeleton (Vaults:1)
  A centaur zombie (D:11)
  14 vault sentinels
  21 naga magi
  An eye of devastation (Gauntlet)
  A molten gargoyle (Swamp:4)
  2 gargoyles
  15 cane toads
  A yaktaur zombie (Vaults:1)
  2 ice statues (IceCv)
  4 rime drakes
  Maggie (Lair:1)
  A rime drake (shapeshifter) (Vaults:3)
  7 freezing wraiths
  28 yaktaurs
  3 komodo dragons
  9 ice devils
  11 trolls
  A polar bear (shapeshifter) (Vaults:3)
  13 hornets
  15 tyrant leeches
  44 slime creatures
  9 bog bodies
  Grinder (D:6)
  8 blink frogs
  A meliai zombie (D:13)
  4 shadows
  Sigmund (D:5)
  9 wyverns
  18 humans (D:14)
  4 wraiths
  4 basilisks
  43 yaks
  4 steam dragons
  3 vampire mosquitoes (Swamp:4)
  Menkaure (D:7)
  A warg (Orc:1)
  17 swamp worms
  41 nagas
  16 insubstantial wisps
  A hell hound (Gauntlet)
  2 acid dragons
  13 water moccasins
  Duvessa (D:4)
  3 sky beasts (D:9)
  A swamp drake (shapeshifter) (Vaults:1)
  2 black bears
  A floating eye (Gauntlet)
  32 orc warriors
  10 swamp drakes
  An ice beast (D:13)
  3 phantoms
  An eye of draining (D:14)
  2 necrophages
  12 boggarts
  6 centaurs
  An eye of draining (shapeshifter) (Vaults:3)
  24 ogres
  An ogre (shapeshifter) (Vaults:3)
  An orc skeleton (Vaults:1)
  17 wolves
  A gnoll sergeant (D:6)
  A big kobold (D:12)
  19 bullfrogs
  A water moccasin zombie (D:7)
  Dowan (D:4)
  A wyvern zombie (D:13)
  3 scorpions
  21 killer bees
  10 wights
  3 electric eels
  A howler monkey (D:4)
  3 bullfrog zombies
  5 jellies
  A quasit (D:9)
  5 centaur skeletons
  20 orc priests
  2 hounds (D:4)
  Jessica (D:2)
  A bullfrog skeleton (D:4)
  2 iguanas (D:12)
  22 orc wizards
  12 worker ants
  A hound skeleton (D:9)
  Robin (D:1)
  12 adders
  13 gnolls
  A shadow imp (D:6)
  11 white imps
  5 ufetubi
  2 adder skeletons
  3 worms (D:2)
  3 dart slugs
  5 leopard geckos
  86 orcs
  5 bats
  4 giant cockroaches
  17 goblins
  7 hobgoblins
  6 quokkas
  4 frilled lizards
  A jackal skeleton (D:5)
  9 kobolds
  A rat (D:2)
1259 creatures vanquished.

Vanquished Creatures (others)
  A hydra (Swamp:4)
  A swamp dragon (Swamp:4)
  A lindwurm (Swamp:4)
  2 steam dragons (Swamp:4)
  A naga (Snake:4)
  3 swamp drakes (Swamp:4)
  An ogre (Vaults:2)
  4 white imps (IceCv)
  4 ufetubi (IceCv)
  An adder zombie (D:5)
  26 fungi
  44 plants
89 creatures vanquished.

Grand Total: 1348 creatures vanquished

Notes
Turn   | Place    | Note
-------+----------+-------------------------------------------
     0 | D:5      | lunkers the Kobold Delver began the quest for the Orb.
     0 | D:5      | Reached XP level 1. HP: 14/14 MP: 1/1
     3 | D:5      | Became a worshipper of Trog the Wrathful
     7 | D:5      | Noticed a worker ant
   347 | D:5      | Noticed a centaur
   655 | D:2      | Reached XP level 2. HP: 19/19 MP: 2/2
  1244 | D:2      | Noticed Jessica
  1365 | D:1      | Reached XP level 3. HP: 23/23 MP: 3/3
  2262 | D:2      | Killed Jessica
  2262 | D:2      | Reached XP level 4. HP: 28/28 MP: 4/4
  2732 | D:2      | Noticed Robin
  3442 | D:2      | Reached XP level 5. HP: 21/32 MP: 5/5
  3701 | D:1      | Killed Robin
  3701 | D:1      | Reached skill level 5 in Short Blades
  4774 | D:3      | You fall into a shaft and drop 2 floors!
  4951 | D:4      | Reached XP level 6. HP: 37/37 MP: 6/6
  5046 | D:3      | Reached * piety under Trog
  6281 | D:4      | Noticed Duvessa
  6285 | D:4      | Killed Duvessa
  6285 | D:4      | Reached skill level 10 in Stealth
  6285 | D:4      | Reached XP level 7. HP: 42/42 MP: 7/7
  6286 | D:4      | Noticed Dowan
  6309 | D:4      | Killed Dowan
  6371 | D:4      | Found a snail-covered altar of Cheibriados.
  6383 | D:4      | Found a hazy altar of Hepliaklqana.
  7229 | D:5      | Noticed Sigmund
  7238 | D:5      | Killed Sigmund
  7238 | D:5      | Reached skill level 5 in Fighting
  7238 | D:5      | Reached XP level 8. HP: 49/49 MP: 8/8
  7744 | D:6      | Found a staircase to the Ecumenical Temple.
  7775 | D:6      | Reached skill level 1 in Evocations
  7891 | D:6      | Noticed Grinder
  7895 | D:6      | Killed Grinder
  7901 | D:6      | Noticed Pikel
  7913 | D:6      | Killed Pikel
  7913 | D:6      | Reached skill level 5 in Evocations
  7913 | D:6      | Reached XP level 9. HP: 59/59 MP: 9/9
  8013 | D:6      | Reached ** piety under Trog
  8496 | D:7      | Found Xenaadow's Antique Armour Emporium.
  8636 | D:7      | You fall into a shaft and drop 3 floors!
  8636 | D:10     | Entered Level 10 of the Dungeon
  8673 | D:10     | Reached skill level 1 in Shields
  9106 | D:7      | Found an ornate altar of the Wu Jian Council.
  9365 | D:7      | Noticed Menkaure
  9369 | D:7      | Killed Menkaure
  9370 | D:7      | Found a broken altar of Ashenzari.
  9818 | D:8      | Reached XP level 10. HP: 66/66 MP: 10/10
  9822 | D:8      | Found a shimmering blue altar of Sif Muna.
 10064 | D:8      | Found a blossoming altar of Fedhas.
 10247 | D:8      | Got an ichor-stained ring mail
 10258 | D:8      | Identified the cursed +0 ring mail "Pateekh" {rN+++ MP-9
                  | Slay+6} (You found it on level 8 of the Dungeon)
 10482 | D:8      | Reached *** piety under Trog
 10588 | D:8      | Found a stormy altar of Qazlal.
 10977 | D:9      | Reached skill level 5 in Dodging
 11152 | D:9      | Found a hide-covered altar of Uskayaw.
 11253 | D:9      | Found a sacrificial altar of Ru.
 11256 | D:9      | Found a glowing golden altar of the Shining One.
 11257 | D:9      | Found a basalt altar of Yredelemnul.
 11773 | D:10     | Reached **** piety under Trog
 11833 | D:10     | Reached XP level 11. HP: 72/72 MP: 2/11
 12077 | D:10     | Reached skill level 10 in Fighting
 12077 | D:10     | Reached skill level 10 in Short Blades
 12353 | D:10     | Found a staircase to the Orcish Mines.
 13244 | D:11     | Noticed a manticore
 13299 | D:11     | Noticed a boulder beetle
 13347 | D:11     | Killed a boulder beetle
 13571 | D:11     | Reached ***** piety under Trog
 13579 | D:11     | Found a staircase to the Lair.
 13709 | D:11     | Noticed Snorg
 13712 | D:11     | Killed Snorg
 13763 | D:11     | Reached skill level 5 in Shields
 13927 | D:11     | Killed a manticore
 13927 | D:11     | Reached XP level 12. HP: 71/79 MP: 3/12
 14163 | D:11     | Noticed Urug
 14166 | D:11     | Killed Urug
 14420 | D:12     | Killed an unseen horror
 14460 | D:12     | Found Usupsat's Magic Scroll Shoppe.
 14476 | D:12     | Noticed a four-headed hydra
 14477 | D:12     | Paralysed by a hornet for 2 turns
 14532 | D:12     | Killed an unseen horror
 14550 | D:12     | Found a gate leading to a gauntlet.
 14554 | D:12     | Found a sacrificial altar of Ru.
 14556 | Gauntlet | Entered a Gauntlet
 14556 | Gauntlet | Found a transporter.
 14560 | Gauntlet | Noticed a fire crab
 14604 | Gauntlet | Found a transporter.
 14604 | Gauntlet | Found a transporter.
 14610 | Gauntlet | Found a transporter.
 14625 | Gauntlet | Noticed a reaper
 14632 | Gauntlet | Found a transporter.
 14651 | Gauntlet | Found a transporter.
 14651 | Gauntlet | Found a transporter.
 14664 | Gauntlet | Found a transporter.
 14664 | Gauntlet | Found a transporter.
 14682 | Gauntlet | Found a transporter.
 14737 | Gauntlet | Found a transporter.
 14737 | Gauntlet | Found a transporter.
 14807 | Gauntlet | Noticed a hell hog
 14925 | Gauntlet | Got a pitted zirconium amulet
 15109 | Gauntlet | Identified the +8 mace of Soateiczoc {pain, Int+7}
 15109 | Gauntlet | Noticed a minotaur
 15111 | Gauntlet | Found the +8 arc blade {discharge, rElec}
 15127 | Gauntlet | Killed a minotaur
 15350 | Gauntlet | Identified the amulet of Yendor {Faith Str+3} (You found it
                  | in a Gauntlet)
 15552 | D:12     | Killed a four-headed hydra
 15616 | D:12     | Received a gift from Trog
 15617 | D:12     | Got an ichor-stained rapier {god gift}
 15618 | D:12     | Identified the +11 rapier of Edocoat {vorpal, *Corrode
                  | rPois Dex+3} (Trog gifted it to you on level 12 of the
                  | Dungeon)
 15744 | D:12     | Noticed a boulder beetle
 15748 | D:12     | Killed a boulder beetle
 15748 | D:12     | Reached skill level 10 in Evocations
 15970 | D:12     | Found a runed translucent door.
 15982 | D:12     | Found a runed translucent door.
 15996 | D:12     | Found a runed translucent door.
 16002 | D:12     | Noticed a two-headed ogre
 16013 | D:12     | Killed a two-headed ogre
 16077 | D:12     | Found a runed translucent door.
 16438 | Lair:1   | Entered Level 1 of the Lair of Beasts
 16462 | Lair:1   | Noticed Gastronok
 16472 | Lair:1   | Killed Gastronok
 16472 | Lair:1   | Reached skill level 10 in Dodging
 16472 | Lair:1   | Reached XP level 13. HP: 86/86 MP: 4/13
 16613 | Lair:1   | Noticed Maggie
 16633 | Lair:1   | Killed Maggie
 17036 | Lair:1   | Noticed an eight-headed hydra
 17040 | Lair:1   | Killed an eight-headed hydra
 17400 | Lair:2   | Noticed an eight-headed hydra
 17404 | Lair:2   | Killed an eight-headed hydra
 18174 | Lair:3   | Noticed a four-headed hydra
 18177 | Lair:3   | Killed a four-headed hydra
 18196 | Lair:3   | Found a staircase to the Swamp.
 18212 | Lair:3   | Found a staircase to the Snake Pit.
 18217 | Lair:3   | Noticed a four-headed hydra
 18224 | Lair:3   | Killed a four-headed hydra
 18354 | Lair:3   | Got a brightly glowing ring mail
 18355 | Lair:3   | Identified the +2 ring mail "Tiow Neu" {+Blink +Inv} (You
                  | found it on level 3 of the Lair of Beasts)
 18638 | Lair:3   | Noticed an eight-headed hydra
 18642 | Lair:3   | Killed an eight-headed hydra
 18978 | Lair:3   | Noticed a five-headed hydra
 18986 | Lair:3   | Killed a five-headed hydra
 18989 | Lair:3   | Reached XP level 14. HP: 94/94 MP: 5/14
 20765 | Lair:5   | Reached skill level 1 in Throwing
 21125 | Lair:5   | Found a staircase to the Slime Pits.
 21126 | Lair:5   | Found a viscous altar of Jiyva.
 21511 | Lair:5   | Found a radiant altar of Vehumet.
 21856 | Lair:6   | Entered Level 6 of the Lair of Beasts
 23168 | Orc:1    | Entered Level 1 of the Orcish Mines
 23344 | Orc:1    | Noticed Harold
 23355 | Orc:1    | Killed Harold
 23625 | Orc:1    | Noticed Erolcha
 23628 | Orc:1    | Killed Erolcha
 23701 | Orc:1    | Noticed a stone giant
 23704 | Orc:1    | Killed a stone giant
 23704 | Orc:1    | Reached skill level 5 in Throwing
 23704 | Orc:1    | Reached XP level 15. HP: 101/101 MP: 6/15
 24018 | Orc:2    | Entered Level 2 of the Orcish Mines
 24171 | Orc:2    | Found Piuf's Antique Weapon Boutique.
 24225 | Orc:2    | Found Gigh's Antique Armour Emporium.
 24238 | Orc:2    | Bought an ancient helmet for 228 gold pieces
 24253 | Orc:2    | Identified the +0 helmet "Bodainob" {MR+ Str+4} (You bought
                  | it in a shop on level 2 of the Orcish Mines)
 24384 | Orc:2    | Bought an embroidered cloak for 180 gold pieces
 24414 | Orc:2    | Found a staircase to the Elven Halls.
 24430 | Orc:2    | Reached ****** piety under Trog
 24521 | Orc:2    | Found Iloiwiy's General Store.
 24530 | Orc:2    | Bought a scroll of teleportation for 42 gold pieces
 24568 | Orc:2    | Reached skill level 15 in Fighting
 24628 | Orc:2    | Found Simetz's Assorted Antiques.
 24679 | Orc:2    | Received a gift from Trog
 24732 | Orc:2    | Found a roughly hewn altar of Beogh.
 24932 | Orc:2    | Found Ecoej's Book Boutique.
 24932 | Orc:2    | Noticed a stone giant
 24950 | Orc:2    | Killed a stone giant
 25638 | Snake:1  | Entered Level 1 of the Snake Pit
 27141 | Snake:2  | Noticed a nagaraja
 27151 | Snake:2  | Killed a nagaraja
 27151 | Snake:2  | Reached skill level 15 in Dodging
 27151 | Snake:2  | Reached XP level 16. HP: 87/110 MP: 7/16
 28045 | Snake:2  | Noticed Vashnia
 28101 | Snake:2  | Killed Vashnia
 29463 | Snake:3  | Received a gift from Trog
 30096 | Snake:3  | Noticed a nagaraja
 30105 | Snake:3  | Killed a nagaraja
 30639 | Snake:4  | Entered Level 4 of the Snake Pit
 30823 | Snake:4  | Found Hejinun's Magic Scroll Boutique.
 30827 | Snake:4  | Bought a scroll of teleportation for 48 gold pieces
 30881 | Snake:4  | Reached XP level 17. HP: 78/119 MP: 8/17
 30885 | Snake:4  | Noticed Mara
 30891 | Snake:4  | Noticed lunkers's illusion
 30909 | Snake:4  | Noticed Aizul
 30910 | Snake:4  | Killed Aizul
 31940 | Snake:4  | Killed Mara
 32409 | Snake:4  | Received a gift from Trog
 33038 | Snake:4  | HP: 2/122 [naga sharpshooter/bolt (21)]
 33183 | Snake:4  | Reached XP level 18. HP: 75/128 MP: 9/18
 33443 | Snake:4  | Received a gift from Trog
 33634 | Snake:4  | Got a serpentine rune of Zot
 33838 | Swamp:1  | Entered Level 1 of the Swamp
 34082 | Swamp:1  | Identified Roxanne's Reference Book on Earth
 34082 | Swamp:1  | Noticed Roxanne
 34113 | Swamp:1  | Killed Roxanne
 35087 | Swamp:1  | Received a gift from Trog
 35952 | Swamp:2  | Found a transporter.
 35955 | Swamp:2  | Found a transporter.
 35955 | Swamp:2  | Noticed reriks's ghost (journeyman DEIE)
 37542 | Swamp:3  | Reached XP level 19. HP: 134/136 MP: 10/19
 37584 | Swamp:3  | Noticed a tentacled monstrosity
 37587 | Swamp:3  | Killed a tentacled monstrosity
 38021 | Swamp:4  | Entered Level 4 of the Swamp
 38469 | Swamp:4  | Received a gift from Trog
 39342 | Swamp:4  | Got a decaying rune of Zot
 41817 | D:14     | Found a frozen archway.
 41827 | IceCv    | Entered an ice cave
 42315 | IceCv    | Received a gift from Trog
 43803 | D:14     | Found a gate to the Vaults.
 44032 | D:14     | Found an iron altar of Okawaru.
 44095 | Vaults:1 | Entered Level 1 of the Vaults
 44370 | Vaults:1 | Reached XP level 20. HP: 144/144 MP: 11/20
 44439 | Vaults:1 | Found a shimmering altar of Xom.
 44581 | Vaults:1 | Received a gift from Trog
 46805 | Vaults:2 | Received a gift from Trog
 47775 | Vaults:2 | Reached skill level 15 in Stealth
 48112 | Vaults:2 | Found a staircase to the Crypt.
 48181 | Vaults:2 | Reached XP level 21. HP: 106/150 MP: 12/21
 48649 | Vaults:3 | Received a gift from Trog
 49917 | Vaults:3 | Found Myphogh's Jewellery Shoppe.
 50248 | Vaults:4 | Received a gift from Trog
 50268 | Vaults:4 | Mangled by a stone giant

Illustrated notes

Levels and vault maps discovered:
D:1:      dpeg_arrival_stone_temple_mockup, layout_loops_corners
D:2:      layout_rooms, uniq_robin, uniq_jessica
D:3:      layout_basic
D:4:      layout_basic, lemuel_crystal_altar, kennysheep_slug_shrine,
          uniq_duvessa
D:5:      layout_basic, bloody_trog, lemuel_flame_loot_1, uniq_sigmund
D:6:      layout_basic, minmay_temple_entry_hall, serial_bayou_ford_a,
          uniq_pikel, uniq_grinder
D:7:      layout_layer_cave, lemuel_coloured_pillars_altar, serial_shops, shop,
          basic_altar, minmay_misc_feat_chi, uniq_menkaure
D:8:      kennysheep_orc_sif_temple, layout_cave_pools,
          nicolae_overflow_crystal_walls, nicolae_qazlal_general_emergency
D:9:      layout_roguey, minitemple, kennysheep_little_box
D:10:     layout_long_grid, erik_orc_2
D:11:     minmay_goldmine, layout_loops_corners, dpeg_oklobed_lair,
          grunt_ministairs_15, uniq_snorg, uniq_urug
D:12:     cheibrodos_helix_gallery, layout_basic, basic_altar, serial_shops,
          shop, gauntlet_entry_generic, minmay_statue_crystal_thing
D:13:     layout_roguey, minmay_misc_feat_doors
D:14:     layout_layer_cave, grunt_vaults_entry_tiered,
          portal_ice_cave_demonic_guard, minmay_misc_feat_enclosed,
          lemuel_altar_in_water
Lair:1:   layout_chaotic_city, chequers_serial_rivers_micro_b,
          minmay_stone_trees_small, lemuel_fruit_fields, uniq_maggie,
          uniq_gastronok
Lair:2:   layout_chaotic_city
Lair:3:   layout_hall_layers, skrybe_swamp_entry_bodies,
          guppyfry_snake_entry_island, grunt_megastairs_1
Lair:4:   layout_misc_corridors
Lair:5:   layout_regular_city, slime_altar_1, basic_altar, lemuel_fruit_fields,
          minmay_lair_oklob_chamber
Lair:6:   due_jungle_book, layout_gridlike, serial_bayou_lake_a,
          grunt_megastairs_2, lemuel_fruit_fields
Swamp:1:  layout_basic_swamp, evilmike_swamp_ruin_rubble_1, swamp_pool3,
          st_swamp_mini, uniq_roxanne
Swamp:2:  layout_falls_marsh, gammafunk_ghost_arena, evilmike_swamp_ruin_house_4
Swamp:3:  layout_basic_swamp, evilmike_swamp_ruin_house_3, swamp_pool3,
          hangedman_swamp_wriggling
Swamp:4:  swamp_fiery, layout_basic_swamp, swamp_pool1,
          infiniplex_staircase_pool
Snake:1:  layout_layer_cave, grunt_ministairs_6, nrook_guardian_serpent_double
Snake:2:  layout_chambers, uniq_vashnia
Snake:3:  layout_onion, serial_bayou_crossing
Snake:4:  snake_pit_salamanders_mu, layout_onion_interference, serial_shops,
          shop, nicolae_snake_squiggles, serial_bayou_shore_b,
          serial_bayou_shore_b, uniq_aizul, uniq_mara
Orc:1:    layout_diamond_mine, nicolae_orc_stony_grotto, uniq_erolcha,
          uniq_harold
Orc:2:    grunt_orc_gardens, layout_diamond_mine, grunt_orc_garden,
          grunt_orc_garden, grunt_orc_garden, grunt_orc_garden, serial_shops,
          nicolae_shop_behind_doors, mines1_david
Vaults:1: hangedman_vaults_impose, grunt_vaults_diagonal,
          nicolae_vaults_stairing_the_circle, v_misc_27, vaults_mumra_hex,
          st_octagons_1, vaults_dpeg_spiral, layout_vaults_big_cross,
          basic_altar
Vaults:2: dpeg_vaults_monster_box, ontoclasm_vaults_chip, v_misc_17, v_rooms_1,
          ontoclasm_vaults_idyll, v_misc_4, vaults_dpeg_ring,
          hangedman_vaults_maws, blue_anna_dwarven_crypt,
          nicolae_vaults_mini_display_case, layout_vaults_omnigrid
Vaults:3: vaults_room_fours, nicolae_vaults_ninety_degrees,
          hangedman_vaults_impose, vaults_room_semicircle,
          nicolae_vaults_big_ls, v_alt_pattern_6, vaults_room_corners, st_cells,
          vaults_room_fours, nicolae_vaults_little_squares_5, v_misc_24,
          nicolae_vaults_specimen_jars, layout_vaults_maze_snakey, serial_shops,
          nicolae_shop_window_shopping
Vaults:4: vaults_standard_mumra_enter_the_diamond, ontoclasm_vaults_pinch,
          nicolae_vaults_network_square, grunt_vaults_focal,
          hangedman_vaults_locks, st_lines, vaults_dpeg_diagonal, v_misc_22,
          ontoclasm_vaults_eye, v_misc_27, layout_vaults_ring, serial_shops,
          shop

Skill      XL: |  1  2  3  4  5  6  7  8  9 10 11 12 13 14 15 16 17 18 19 20 21 |
---------------+----------------------------------------------------------------+-----
Short Blades   | 3 4 5 6 7 8 9 10 11 14 | 14.0
Stealth        | 7 8 10 11 12 13 15 | 15.8
Fighting       | 5 8 9 10 12 13 14 16 17 19 20 21 22 | 22.3
Evocations     | 5 7 9 10 11 12 13 14 | 14.8
Dodging        | 3 5 7 10 12 15 17 18 20 21 22 | 22.5
Shields        | 1 3 5 |  5.6
Throwing       | 5 6 |  6.0

Action                   |  1- 3 |  4- 6 |  7- 9 | 10-12 | 13-15 | 16-18 | 19-21 || total
-------------------------+-------+-------+-------+-------+-------+-------+-------++-------
Melee: Short sword       |    71 |   185 |       |   108 |       |       |       ||   364
       Dagger            |       |    86 |   278 |   524 |       |       |       ||   888
       Rapier            |       |       |       |    59 |   514 |   867 |  1114 ||  2554
Throw: Dart              |       |       |       |       |     1 |       |       ||     1
Invok: Berserk           |       |       |     4 |    14 |     3 |     8 |     9 ||    38
       Trog's Hand       |       |       |       |       |     1 |     4 |     3 ||     8
Evoke: Wand              |       |       |       |       |     1 |     2 |     1 ||     4
  Use: Scroll            |       |     1 |     8 |    17 |     8 |     2 |     4 ||    40
       Potion            |       |       |       |       |       |     1 |     2 ||     3
 Stab: Sleeping          |    15 |    22 |    24 |    50 |    94 |    62 |   113 ||   380
       Distracted        |       |     1 |     1 |     5 |     4 |     9 |    15 ||    35
Armor: Leather armour    |     9 |    47 |    16 |       |       |       |       ||    72
       Robe              |       |       |    16 |     3 |       |       |       ||    19
       Ring mail         |       |       |       |    80 |    45 |    57 |    45 ||   227
Dodge: Dodged            |    36 |   124 |   103 |   192 |   155 |   425 |   473 ||  1508
Block: Buckler           |       |       |    18 |   111 |   153 |   333 |   342 ||   957
       Reflection        |       |       |       |     1 |     5 |    38 |    17 ||    61

Table legend: (Time is in decaauts)
 A = Elapsed time spent in this place.
 B = Non-inter-level travel time spent in this place.
 C = Inter-level travel time spent in this place.
 D = Time resting spent in this place.
 E = Time spent auto-exploring this place.
 F = Levels seen in this place.
 G = Mean time per level.
                   A        B        C        D        E       F      G
               +--------+--------+--------+--------+--------+-----+--------+
         Total |  49193 |  47320 |   1873 |   2945 |  37732 |  36 | 1366.5 |
       Dungeon |  18113 |  17126 |    987 |   1568 |  13028 |  14 | 1293.8 |
          Lair |   6726 |   6303 |    423 |    120 |   5579 |   6 | 1121.0 |
         Swamp |   6726 |   6586 |    140 |    193 |   5495 |   4 | 1681.5 |
     Snake Pit |   7941 |   7755 |    186 |    590 |   6346 |   4 | 1985.2 |
  Orcish Mines |   2116 |   2043 |     73 |     31 |   1663 |   2 | 1058.0 |
        Vaults |   5855 |   5792 |     63 |    116 |   4844 |   4 | 1463.8 |
      Ice Cave |    920 |    920 |      0 |    191 |    451 |   1 |  920.0 |
      Gauntlet |    791 |    791 |      0 |    133 |    323 |   1 |  791.0 |
               +--------+--------+--------+--------+--------+-----+--------+

Top non-repeatable levels by time:
 Snake:4: 3015 daAuts
 Swamp:4: 2401 daAuts
Vaults:1: 2292 daAuts
 Snake:2: 2278 daAuts
     D:2: 2123 daAuts
    D:11: 1921 daAuts
Vaults:2: 1910 daAuts
    D:14: 1843 daAuts
  Lair:3: 1750 daAuts
     D:1: 1677 daAuts
 Swamp:1: 1663 daAuts
Vaults:3: 1618 daAuts
 Swamp:3: 1507 daAuts
 Snake:1: 1484 daAuts
     D:4: 1337 daAuts
